 Dungeon Crawl Stone Soup version 0.24.0-123-gd5b16e6ec5 (webtiles) character file.

Game seed: 11490112319341916503, levelgen mode: deterministic

1684 hummus the Covert (level 8, -2/48 HPs)
             Began as a Vampire Assassin on Jan 31, 2020.
             Was an Initiate of Qazlal.
             Slain by a hornet zombie (9 damage)
             ... on level 6 of the Dungeon.
             The game lasted 00:28:58 (7266 turns).

hummus the Covert (Vampire Assassin)                Turns: 7266, Time: 00:28:58

Health: -2/48      AC: 10    Str:  7 (10) XL:     8   Next: 71%
Magic:  8/8        EV: 16    Int: 16      God:    Qazlal [......]
Gold:   245        SH:  3    Dex: 15 (17) Spells: 7/7 levels left

rFire    . . .     SeeInvis +   q - +2 dagger (vamp)
rCold    + + .     Gourm    .   (no shield)
rNeg     + + +     Faith    .   b - +0 robe
rPois    ∞         Spirit   .   x - +2 hat
rElec    .         Reflect  +   c - +0 cloak
rCorr    .         Harm     .   i - +0 pair of gloves
MR       .....                  p - +1 pair of boots
Stlth    +++++++...             y - +3 amulet of reflection
HPRegen  0.00/turn              r - ring of poison resistance
MPRegen  0.11/turn              (no ring)

@: bloodless, hasted, very quick
A: no food, fangs 3, molten scales 1, see invisible, blink, clever 1,
unbreathing
a: Bat Form, Revivify, Blink, Renounce Religion


You were on level 6 of the Dungeon.
You worshipped Qazlal.
Qazlal was noncommittal.
You were bloodless.

You visited 2 branches of the dungeon, and saw 7 of its levels.

You collected 294 gold pieces.
You spent 49 gold pieces at shops.

Inventory:

Hand Weapons
 a - a +3 dagger
 q - a +2 vampiric dagger (weapon)
Missiles
 d - 14 poisoned darts (quivered)
 u - 7 javelins
Armour
 b - a +0 robe (worn)
 c - a +0 cloak (worn)
 i - a +0 pair of gloves (worn)
 p - a +1 pair of boots (worn)
 x - a +2 hat (worn)
Jewellery
 r - a ring of poison resistance (left hand)
 y - a +3 amulet of reflection (around neck)
Scrolls
 f - a scroll of blinking
 h - 3 scrolls of remove curse
 j - 2 scrolls of enchant armour
 l - a scroll of amnesia
 m - a scroll of fog
 o - a scroll of enchant weapon
 w - a scroll of identify
Potions
 g - 2 potions of curing
 k - a potion of magic
 n - 3 potions of agility
 s - 2 potions of flight
 t - a potion of mutation
 v - a potion of lignification


   Skills:
 - Level 4.3 Fighting
 + Level 7.2 Short Blades
 - Level 1.5 Throwing
 - Level 6.0 Dodging
 - Level 10.7 Stealth


You had 7 spell levels left.
You didn't know any spells.
Your spell library was empty.

Dungeon Overview and Level Annotations

Branches:
Dungeon (6/15)             Temple (1/1) D:5

Altars:
Ashenzari
Cheibriados
Dithmenos
Elyvilon
Fedhas
Gozag
Hepliaklqana
Kikubaaqudgha
Makhleb
Nemelex Xobeh
Okawaru
Qazlal
Ru
Sif Muna
Trog
Uskayaw
Vehumet
Wu Jian
Xom
Yredelemnul
Zin
The Shining One

Shops:
D:4 [   D:5 [


Innate Abilities, Weirdness & Mutations

You do not eat.
You do not regenerate when monsters are visible.
You are frail without blood (-20% HP).
You can heal yourself when you bite living creatures.
You are immune to poison.
You have razor-sharp teeth.
You have supernaturally acute eyesight. (SInv)
You can survive without breathing.
You are partially covered in molten scales. (AC +2)
You can translocate small distances at will.
Your mind is acute. (Int +2)


Message History

You hit the hornet zombie but do no damage.
The hornet zombie is almost destroyed.
The hornet zombie hits you but does no damage.
You barely miss the hornet zombie.
The hornet zombie is almost destroyed.
The hornet zombie hits you.
* * * LOW HITPOINT WARNING * * *
You hit the hornet zombie. Your bite misses the hornet zombie.
The hornet zombie is almost destroyed.
The hornet zombie hits you but does no damage.
It was a potion of lignification.
You feel woody for a moment. The hornet zombie barely misses you.
The orc wizard gestures wildly while chanting.
The orc wizard blinks!
You hit the hornet zombie but do no damage.
The hornet zombie is almost destroyed.
The hornet zombie barely misses you.
It was a potion of haste.
You feel yourself speed up. The hornet zombie hits you!
You die...

#..>....#....#######
#..o....#...)#
#.......#....#
#............#
#.......#....#
#.oao...#....#
###o#####....# #Z#
###### #@# #.# ..#
####


You could see a worker ant, an orc wizard, 3 orcs and a hornet zombie.

Vanquished Creatures
  Eustachio (D:6)
  A sky beast (D:3)
  A phantom (D:5)
  2 ogres
  A centaur (D:4)
  2 scorpions
  7 wights
  A crimson imp (D:5)
  A gnoll shaman (D:4)
  A centaur skeleton (D:5)
  2 hounds
  2 orc wizards
  5 orc priests
  Terence (D:2)
  3 iguanas
  Natasha (thrice) (D:2)
  3 worker ants
  3 gnolls
  An adder (D:2)
  2 shadow imps
  An adder zombie (D:5)
  2 adder skeletons
  3 leopard geckos
  21 orcs
  3 ball pythons
  4 giant cockroaches
  9 goblins
  4 hobgoblins
  A jackal (D:2)
  4 kobolds
  2 quokkas
  7 bats
  6 frilled lizards
  A jackal zombie (D:5)
  A leopard gecko skeleton (D:6)
  3 rats
115 creatures vanquished.

Notes
Turn   | Place    | Note
-------+----------+-------------------------------------------
     0 | D:1      | hummus the Vampire Assassin began the quest for the Orb.
     0 | D:1      | Reached XP level 1. HP: 16/16 MP: 1/1
   112 | D:1      | Reached skill level 6 in Stealth
   397 | D:1      | Reached XP level 2. HP: 21/22 MP: 2/2
   870 | D:2      | Reached skill level 7 in Stealth
   901 | D:2      | Noticed Terence
   918 | D:2      | Killed Terence
   918 | D:2      | Reached XP level 3. HP: 27/27 MP: 3/3
   995 | D:2      | Noticed Natasha
  1019 | D:2      | Reached skill level 8 in Stealth
  1021 | D:2      | Found a hazy altar of Hepliaklqana.
  1046 | D:2      | Killed Natasha
  1046 | D:2      | Reached XP level 4. HP: 26/26 MP: 4/4
  1091 | D:2      | Noticed Natasha
  1109 | D:2      | Killed Natasha
  1109 | D:2      | Reached skill level 9 in Stealth
  1336 | D:2      | Noticed Natasha
  1346 | D:2      | Killed Natasha
  1666 | D:3      | Reached XP level 5. HP: 29/30 MP: 5/5
  2928 | D:3      | Reached XP level 6. HP: 35/35 MP: 6/6
  3184 | D:3      | Noticed a sky beast
  3191 | D:3      | Killed a sky beast
  3191 | D:3      | Reached skill level 5 in Short Blades
  3521 | D:4      | Reached skill level 10 in Stealth
  3803 | D:4      | Reached XP level 7. HP: 29/39 MP: 7/7
  4290 | D:4      | Found Mefoumok's Armour Shop.
  5132 | D:5      | Entered Level 5 of the Dungeon
  5148 | D:5      | Found a blossoming altar of Fedhas.
  5167 | D:5      | Reached skill level 5 in Dodging
  5409 | D:4      | Reached XP level 8. HP: 33/44 MP: 8/8
  5536 | D:5      | Found Myucivye's Armour Emporium.
  5541 | D:5      | Bought a +0 pair of gloves for 49 gold pieces
  6113 | D:5      | Found a staircase to the Ecumenical Temple.
  6246 | Temple   | Entered the Ecumenical Temple
  6342 | Temple   | Became a worshipper of Qazlal Stormbringer
  6460 | D:6      | Noticed Eustachio
  6463 | D:6      | Killed Eustachio
  6807 | D:6      | Gained mutation: You are partially covered in molten
                  | scales. (AC +2) [potion of mutation]
  6807 | D:6      | Gained mutation: You can translocate small distances at
                  | will. [potion of mutation]
  6807 | D:6      | Gained mutation: Your mind is acute. (Int +2) [potion of
                  | mutation]
  7266 | D:6      | Slain by a hornet zombie

Levels and vault maps discovered:
D:1:      lemuel_arrival_behind_the_door_large, layout_loops_corners
D:2:      layout_rooms, marbit_many_paths, first_ration,
          minmay_indecisive_spiral, uniq_terence, uniq_natasha
D:3:      layout_basic, serial_curves, eino_curves_03, eino_curves_04
D:4:      layout_rooms, serial_shops, nicolae_shop_crystal,
          corexii_leaking_fountain, hex_tiny
D:5:      layout_rooms, temple_statues, serial_shops, kennysheep_little_box,
          fedhas_altar_2
D:6:      kennysheep_six_static_rooms, layout_basic,
          nicolae_ossuary_entry_catacombs, uniq_eustachio
Temple:   compressed_dpeg_triangle_lava_temple

Skill      XL: |  1  2  3  4  5  6  7  8 |
---------------+-------------------------+-----
Stealth        | 6 7 8 9 10 | 10.7
Short Blades   | 3 4 5 6 7 |  7.2
Dodging        | 2 5 6 |  6.0
Fighting       | 4 |  4.3
Throwing       | |  1.5

Action                   |  1- 3 |  4- 6 |  7- 9 || total
-------------------------+-------+-------+-------++-------
Melee: Dagger            |    40 |   144 |   363 ||   547
       Bite              |     3 |    12 |    48 ||    63
Throw: Dart              |       |    30 |    42 ||    72
 Abil: Exsanguinate      |     1 |       |       ||     1
       Blink             |       |       |     1 ||     1
  Use: Scroll            |     2 |     6 |     2 ||    10
       Potion            |       |       |     9 ||     9
 Stab: Sleeping          |    10 |    19 |     9 ||    38
Armor: Robe              |     4 |    25 |    48 ||    77
Dodge: Dodged            |    15 |    71 |   176 ||   262
Block: Other             |       |     2 |    31 ||    33
